 Dungeon Sprint DCSS version 0.29-a0-838-g385bb11a5b (webtiles) character file.

Game seed: 9884770531520788189

149558 purpskrrrp the Conqueror (level 15, -14/191 HPs)
             Began as a Minotaur Fighter on July 13, 2022.
             Was an Initiate of Gozag.
             Killed from afar by a storm dragon (18 damage)
             ... with a bolt of lightning
             ... in the Dungeon (Sprint IX: "|||||||||||||||||||||||||||||").
             The game lasted 01:22:11 (7667 turns).

purpskrrrp the Conqueror (Minotaur Fighter)         Turns: 7667, Time: 01:22:12

Health: -14/191    AC: 36    Str: 28    XL:     15   Next: 38%
Magic:  14/14      EV:  7    Int: 14    God:    Gozag
Gold:   2612       SH: 25    Dex: 13    Spells: 14/14 levels left

rFire   + + .      SeeInvis .   o - +9 rapier (distort)
rCold   + . .      Faith    +   X - +2 tower shield
rNeg    . . .      Spirit   .   T - +3 gold dragon scales
rPois   +          Reflect  .   (helmet unavailable)
rElec   .          Harm     .   D - +0 cloak {rCorr}
rCorr   +          Rampage  .   v - +0 pair of gloves {Dex+3}
Will    +....      Clarity  +   F - +0 pair of boots {Fly}
Stlth   .......... NoTele   +   p - amulet of the Barracuda {Faith Int+6}
HPRegen 0.41/turn               r - ring "Dohe" {rPois rF+ Int+3}
MPRegen 0.14/turn               R - +2 ring of slaying

@: gold aura, flying, studying Staves, bribing [the Dungeon]
A: horns 3, retaliatory headbutt, clarity, robust 1
}: 4/17 runes: serpentine, barnacled, silver, gossamer
a: Renounce Religion, Potion Petition, Call Merchant, Bribe Branch


You were in the Dungeon.
You worshipped Gozag.
Gozag was most pleased with you.
You visited 1 branch You collected 25287 gold pieces.
You spent 1709 gold pieces at shops.
You paid 20966 gold pieces to Gozag.

Inventory:

Hand Weapons
 a - a +4 demon whip
 o - a +9 rapier of distortion (weapon)
 z - the +8 great mace "Beruev" {antimagic, *Slow rElec Str+2}
   (You bought it in a shop in the Dungeon)

   It reduces the magical energy of the wielder, and disrupts the spells and
   magical abilities of those it strikes.
   Natural abilities and divine invocations are not affected.
   Str:       It affects your strength (+2).
   rElec:     It insulates you from electricity.
   *Slow:     It may slow you when you take damage.
 E - a +6 eveningstar
 P - the +10 flail of Lies {vorpal, Will+ Str+6}
   (You bought it in a shop in the Dungeon)

   It inflicts extra damage upon your enemies.
   Str:       It affects your strength (+6).
   Will:      It increases your willpower.
Armour
 v - a +0 pair of gloves of dexterity (worn)
 B - +5 storm dragon scales
 D - a +0 cloak of preservation (worn)
 F - a +0 pair of boots of flying (worn)
 T - +3 gold dragon scales (worn)
 X - a +2 tower shield (worn)
Jewellery
 e - a +4 ring of evasion
 f - a +6 ring of strength
 n - the ring "Yghoum" {Drain Will+ Int+7}
   (You found it in the Dungeon)

   [ring of willpower]

   Int:       It affects your intelligence (+7).
   Drain:     It drains your maximum health when unequipped.
   Will:      It increases your willpower.
 p - the amulet of the Barracuda (around neck) {Faith Int+6}
   (You found it in the Dungeon)

   [amulet of faith]

   It allows you to gain divine favour quickly.
   Int:       It affects your intelligence (+6).
 r - the ring "Dohe" (left hand) {rPois rF+ Int+3}
   (You found it in the Dungeon)

   [ring of poison resistance]

   Int:       It affects your intelligence (+3).
   rF:        It protects you from fire.
   rPois:     It protects you from poison.
 s - a +3 ring of strength
 t - a +2 ring of protection
 x - the ring "Fogolok" {Wiz rPois Will+ Dex+2}
   (You found it in the Dungeon)

   [ring of wizardry]

   It improves your spell success rate.
   Dex:       It affects your dexterity (+2).
   rPois:     It protects you from poison.
   Will:      It increases your willpower.
 A - the ring of Pesehimou {rC+ Str+2}
   (You found it in the Dungeon)

   [ring of protection from cold]

   Str:       It affects your strength (+2).
   rC:        It protects you from cold.
 G - a ring of ice
 H - a ring of poison resistance
 I - a ring of fire
 M - a +4 ring of protection
 O - a +4 ring of protection
 R - a +2 ring of slaying (right hand)
 S - a +4 ring of protection
 Z - a ring of flight
Wands
 m - a wand of quicksilver (1)
 N - a wand of iceblast (16)
Scrolls
 l - 2 scrolls of amnesia
 w - 5 scrolls of fog
 y - 2 scrolls of fear
 W - 5 scrolls of blinking
 Y - 7 scrolls of enchant weapon
Potions
 d - 8 potions of might
 g - 7 potions of haste
 h - 9 potions of magic
 i - a potion of berserk rage
 j - 2 potions of resistance
 k - a potion of invisibility
 u - 2 potions of brilliance
 L - 3 potions of curing
 V - 10 potions of heal wounds
Miscellaneous
 b - a tin of tremorstones (2/2)


   Skills:
 O Level 27 Fighting
 O Level 27 Short Blades
 + Level 2.8(6.0) Maces & Flails
 + Level 8.4(8.7) Staves
 O Level 27 Armour
 + Level 23.4 Shields


You had 14 spell levels left.
You didn't know any spells.
Your spell library contained the following spells:

 Spells                   Type           Power      Damage    Failure   Level
 Beastly Appendage        Tmut           0%         N/A       94%         1
 Ensorcelled Hibernation  Hex/Ice        0%         N/A       98%         2
 Sublimation of Blood     Necr           0%         N/A       98%         2
 Frozen Ramparts          Ice            0%         1d2       100%        3
 Airstrike                Air            0%         0-1+      100%        4
 Hailstorm                Conj/Ice       0%         3d3       100%        4
 Summon Lightning Spire   Summ/Air       0%         N/A       100%        4
 Lightning Bolt           Conj/Air       0%         1d11      100%        5
 Metabolic Englaciation   Hex/Ice        0%         N/A       100%        5
 Simulacrum               Ice/Necr       Unusable   N/A       N/A         6

Dungeon Overview and Level Annotations

Branches:
Dungeon (1/1)

Altars:
Cheibriados
Dithmenos
Elyvilon
Fedhas
Gozag
Hepliaklqana
Kikubaaqudgha
Makhleb
Nemelex Xobeh
Okawaru
Qazlal
Ru
Sif Muna
Trog
Uskayaw
Vehumet
Wu Jian
Xom
Yredelemnul
Zin
The Shining One
Jiyva
Lugonu

Shops:
D (

Annotations:
D Frances, Louise, Nikola


Innate Abilities, Weirdness & Mutations

You have a pair of large horns on your head.
You reflexively headbutt those who attack you in melee.
You possess an exceptional clarity of mind.
You are robust. (+10% HP)


Message History

Things that are here:
a +1 cloak; a green draconian corpse The ancient lich stares, then turns away, jangling a coin purse.
An ancient lich comes into view.
The orb of fire emits a lurid red light.
The fireball explodes!
The fireball engulfs the shadow dragon!!!
The shadow dragon dies!
The fireball engulfs the orb of fire.
The orb of fire completely resists.
You hear a deafening roar! x2
A storm dragon comes into view.
The storm dragon bites the ancient lich but does no damage.
The storm dragon claws the ancient lich but does no damage.
The storm dragon completely misses the ancient lich.
The ancient lich touches the storm dragon.
The ancient lich drains the storm dragon.
You feel a bit more experienced.
A storm dragon comes into view.
The storm dragon roars deafeningly!
You hear an explosion!
The storm dragon breathes lightning at you.
The bolt of lightning hits the storm dragon.
The storm dragon completely resists.
The bolt of lightning hits the ancient lich.
The ancient lich resists.
The bolt of lightning hits the orb of fire.
The orb of fire completely resists.
The bolt of lightning misses the tentacled monstrosity.
The bolt of lightning hits you!!
* * * LOW HITPOINT WARNING * * *
The storm dragon breathes lightning at you.
The bolt of lightning hits the ancient lich!
The ancient lich resists.
The bolt of lightning hits the orb of fire.
The orb of fire completely resists.
The bolt of lightning hits the tentacled monstrosity.
The tentacled monstrosity resists.
The bolt of lightning hits you!!
You die...
Your body crumbles into a pile of gold.

,,,,,,,,,+,,,,,,,,,+,,,,,,,,,+,,,
*********************************
,,,,,,,,,,,,,,,,,,,,,,,,,,,,,,,,,
*********************************
,,,,,,,,,,,,,,,,+,,,,,,,,,,,,,,+,
*********************************
,,,,,,,,,,,,,,,,,,,,,,,,,,,,,,,,,
*********▓▓▓▓▓▓▓▓▓▓▓▓▓▓▓▓▓▓▓▓▓▓▓▓
,,,,,,,,+DDL.*$X@.§§)..'**p'X'..X
▓▓▓▓▓▓▓▓▓▓▓▓▓▓▓▓▓▓▓▓▓▓▓▓▓▓▓▓▓▓▓▓▓
.................................
▓▓▓▓▓▓▓▓▓▓▓▓▓▓▓▓▓▓▓▓▓▓▓▓▓▓▓▓▓▓▓▓▓


dq.$$qz.°.z...Xdz..qqd.qqq.qzdq.' ▓▓▓▓▓▓▓▓▓▓▓▓▓▓▓▓▓▓▓▓▓▓▓▓▓▓▓▓▓▓▓▓▓
.@...............@............... ▓▓▓▓▓▓▓▓▓▓▓▓▓▓▓▓▓▓▓▓▓▓▓▓▓▓▓▓▓▓▓▓▓
..........@..@........[NN.[[.[..) You could see 2 storm dragons, a neutral orb
of fire (distracted), a neutral tentacled monstrosity (distracted) and a neutral
ancient lich (distracted).

Vanquished Creatures
  A golden dragon (D)
  A tentacled monstrosity (D)
  7 Orb Guardians (D)
  3 storm dragons (D)
  3 shadow dragons (D)
  An emperor scorpion (D)
  An iron dragon (D)
  2 broodmothers (D)
  3 very ugly things (D)
  A vampire knight (D)
  A dire elephant (D)
  An eleionoma (D)
  Azrael (D)
  2 entropy weavers (D)
  A merfolk impaler (D)
  A fire dragon (D)
  2 vault guards (D)
  3 ice dragons (D)
  7 hydras (D)
  A centaur warrior (D)
  2 radroaches (D)
  An alligator (D)
  An orc high priest (D)
  A vampire mage (D)
  Urug (D)
  Sonja (D)
  A hell knight (D)
  A skeletal warrior (D)
  2 swamp dragons (D)
  A spriggan druid (D)
  4 ironbound convokers (D)
  A flayed ghost (D)
  A lindwurm (D)
  4 orc sorcerers (D)
  A deep elf pyromancer (D)
  A salamander (D)
  A moth of wrath (D)
  A cyclops (D)
  2 manticores (D)
  2 black mambas (D)
  An eye of devastation (shapeshifter) (D)
  3 cane toads (D)
  A demonic crawler (D)
  A queen bee (shapeshifter) (D)
  A wind drake (D)
  2 tyrant leeches (D)
  2 blink frogs (D)
  A culicivora (D)
  2 jumping spiders (D)
  2 wraiths (D)
  3 yaks (D)
  A wyvern (D)
  Grum (D)
  A redback (D)
  6 water moccasins (D)
  2 hell hounds (D)
  An acid dragon (shapeshifter) (D)
  10 orc warriors (D)
  3 wolves (D)
  A centaur (D)
  A bullfrog (D)
  A killer bee (D)
  A jelly (D)
  2 orc priests (D)
  An iguana (D)
  7 orc wizards (D)
  An adder (D)
  An ufetubus (D)
  2 worms (D)
  A dart slug (D)
  7 orcs (D)
  A ball python (D)
  An endoplasm (D)
  A quokka (D)
  A bat (D)
  A frilled lizard (D)
148 creatures vanquished.

Vanquished Creatures (collateral kills)
  An ancient lich (D)
  2 Killer Klowns (D)
  A golden dragon (D)
  A tentacled monstrosity (D)
  3 Orb Guardians (D)
  A shadow dragon (D)
  A nagaraja (D)
  Ilsuiw (D)
  A storm dragon (D)
  A frost giant (D)
  A draconian scorcher (D)
  3 ironbound preservers (D)
  A merfolk impaler (D)
  A great orb of eyes (D)
  12 vault guards (D)
  A hydra (D)
  An ice dragon (D)
  A centaur warrior (D)
  An ironbound frostheart (D)
  A merfolk aquamancer (D)
  A swamp dragon (D)
  A wizard (D)
  A naga mage (D)
  A culicivora (D)
  A redback (D)
  2 nagas (D)
  A hell hound (D)
  A swamp drake (D)
  An orc wizard (D)
46 creatures vanquished.

Vanquished Creatures (others)
  A Killer Klown (D)
  Xtahua (D)
  Margery (D)
  A golden dragon (D)
  3 tentacled monstrosities (D)
  4 Orb Guardians (D)
  A lich (D)
  A sphinx (D)
  A quicksilver dragon (D)
  2 death cobs (D)
  2 shadow dragons (D)
  A storm dragon (D)
  A tengu reaver (D)
  2 fire giants (D)
  A draconian monk (D)
  4 nagarajas (D)
  Donald (D)
  4 vault wardens (D)
  2 draconian stormcallers (D)
  A draconian shifter (D)
  2 draconian annihilators (D)
  A very ugly thing (D)
  6 stone giants (D)
  A black draconian (D)
  A green draconian (D)
  A purple draconian (D)
  A deep elf demonologist (D)
  A white draconian (D)
  A yellow draconian (D)
  2 ettins (D)
  4 merfolk javelineers (D)
  3 merfolk impalers (D)
  2 rakshasas (D)
  A yaktaur captain (D)
  A merfolk aquamancer (D)
  12 vault guards (D)
  A centaur warrior (D)
  An anaconda (D)
  Erica (D)
  3 tengu warriors (D)
  A deep troll earth mage (D)
  A shock serpent (D)
  4 hell knights (D)
  Nergalle (D)
  A goliath frog (D)
  A salamander mystic (D)
  2 swamp dragons (D)
  4 wizards (D)
  An ironbound convoker (D)
  A phantasmal warrior (D)
  A deep elf pyromancer (D)
  2 cyclopes (D)
  2 orc sorcerers (D)
  4 moths of wrath (D)
  A merfolk siren (D)
  A vault sentinel (D)
  3 naga magi (D)
  A yaktaur (D)
  Psyche (D)
  A freezing wraith (D)
  3 merfolk (D)
  A tyrant leech (D)
  A slime creature (D)
  A jumping spider (D)
  2 redbacks (D)
  2 nagas (D)
  An acid dragon (D)
  3 hell hounds (D)
  An orc wizard (D)
130 creatures vanquished.

Grand Total: 324 creatures vanquished

Notes
Turn   | Place    | Note
-------+----------+-------------------------------------------
     0 | D        | purpskrrrp the Minotaur Fighter began the quest for the
                  | Orb.
     0 | D        | Reached XP level 1. HP: 19/19 MP: 0/0
    19 | D        | Noticed an iguana
    19 | D        | Noticed a jelly
    21 | D        | Killed a jelly
    22 | D        | Reached XP level 2. HP: 18/30 MP: 1/1
    22 | D        | Reached XP level 3. HP: 23/37 MP: 2/2
    31 | D        | Reached XP level 4. HP: 23/47 MP: 3/3
    41 | D        | Found a snail-covered altar of Cheibriados.
    41 | D        | Found a shadowy altar of Dithmenos.
    41 | D        | Found a white marble altar of Elyvilon.
    41 | D        | Found a blossoming altar of Fedhas.
    41 | D        | Found an opulent altar of Gozag.
    42 | D        | Found a hazy altar of Hepliaklqana.
    43 | D        | Found a viscous altar of Jiyva.
    44 | D        | Found an ancient bone altar of Kikubaaqudgha.
    45 | D        | Found a corrupted altar of Lugonu.
    46 | D        | Found a burning altar of Makhleb.
    47 | D        | Found a sparkling altar of Nemelex Xobeh.
    48 | D        | Found an iron altar of Okawaru.
    49 | D        | Found a stormy altar of Qazlal.
    50 | D        | Found a sacrificial altar of Ru.
    51 | D        | Found a shimmering blue altar of Sif Muna.
    52 | D        | Found a bloodstained altar of Trog.
    53 | D        | Found a hide-covered altar of Uskayaw.
    54 | D        | Found a radiant altar of Vehumet.
    55 | D        | Found an ornate altar of the Wu Jian Council.
    56 | D        | Found a shimmering altar of Xom.
    57 | D        | Found a basalt altar of Yredelemnul.
    58 | D        | Found a glowing silver altar of Zin.
    59 | D        | Found a glowing golden altar of the Shining One.
    91 | D        | Became a worshipper of Gozag Ym Sagoz the Greedy
   166 | D        | Noticed a yak
   166 | D        | Noticed a centaur
   166 | D        | Noticed a wraith
   166 | D        | Noticed a yak
   166 | D        | Noticed a wraith
   213 | D        | Killed a wraith
   214 | D        | Reached skill level 10 in Armour
   214 | D        | Reached XP level 5. HP: 18/60 MP: 4/4
   221 | D        | Killed a centaur
   222 | D        | Reached XP level 6. HP: 23/70 MP: 5/5
   224 | D        | Killed a yak
   229 | D        | Killed a yak
   230 | D        | Reached XP level 7. HP: 19/80 MP: 6/6
   234 | D        | Killed a wraith
   517 | D        | Noticed a centaur warrior
   517 | D        | Noticed a slime creature
   517 | D        | Noticed a skeletal warrior
   517 | D        | Noticed a deep elf pyromancer
   517 | D        | Noticed a centaur warrior
   520 | D        | Killed a deep elf pyromancer
   521 | D        | Reached skill level 15 in Fighting
   521 | D        | Reached skill level 15 in Armour
   521 | D        | Reached XP level 8. HP: 76/91 MP: 7/7
   528 | D        | Killed a centaur warrior
   529 | D        | HP: 1/94 [skeletal warrior/+0 battleaxe (20)]
   584 | D        | Killed a skeletal warrior
   585 | D        | Reached XP level 9. HP: 47/103 MP: 8/8
   817 | D        | Banished a centaur warrior
   818 | D        | Reached skill level 5 in Shields
  1134 | D        | Noticed a cane toad
  1134 | D        | Noticed a cane toad
  1140 | D        | Gained mutation: Potions are less effective at restoring
                  | your health. [mutagenic glow]
  1142 | D        | Reached skill level 1 in Staves
  1143 | D        | Noticed a black mamba
  1144 | D        | Killed a cane toad
  1145 | D        | Reached skill level 5 in Short Blades
  1150 | D        | Gained mutation: You are weak. (Str -2) [mutagenic glow]
  1185 | D        | Reached XP level 10. HP: 74/113 MP: 9/9
  1185 | D        | Banished a cane toad
  1186 | D        | Reached skill level 5 in Staves
  1188 | D        | Banished a black mamba
  1483 | D        | Bought a dazzling great mace for 287 gold pieces
  1483 | D        | Identified the +8 great mace "Beruev" {antimagic, *Slow
                  | rElec Str+2} (You bought it in a shop in the Dungeon)
  1493 | D        | Noticed a cane toad
  1495 | D        | Noticed a cane toad
  1503 | D        | Noticed a black mamba
  1511 | D        | Noticed a black mamba
  1521 | D        | Killed a cane toad
  1525 | D        | Killed a black mamba
  1526 | D        | Reached skill level 10 in Short Blades
  1533 | D        | Killed a cane toad
  1542 | D        | Killed a black mamba
  1776 | D        | Bought a runed whip for 137 gold pieces
  1776 | D        | Bought a glowing rapier for 175 gold pieces
  1790 | D        | Noticed a lindwurm
  1818 | D        | Banished a lindwurm
  1824 | D        | Noticed a lindwurm
  1833 | D        | Killed a lindwurm
  1834 | D        | Reached XP level 11. HP: 83/123 MP: 10/10
  2294 | D        | Noticed Grum
  2306 | D        | Killed Grum
  2574 | D        | Noticed an orc high priest
  2595 | D        | Noticed a soul eater
  2648 | D        | Killed an orc high priest
  2998 | D        | Found Iffuobis's Magic Scroll Boutique.
  2998 | D        | Noticed an orc sorcerer
  2998 | D        | Noticed an orc sorcerer
  2998 | D        | Noticed an orc sorcerer
  2999 | D        | Noticed an orc sorcerer
  3000 | D        | Found Qeuhez's Book Shop.
  3004 | D        | Noticed an orc sorcerer
  3009 | D        | Paralysed by an orc sorcerer for 4 turns
  3010 | D        | Noticed a sun demon
  3014 | D        | Killed an orc sorcerer
  3021 | D        | Killed an orc sorcerer
  3022 | D        | Reached skill level 15 in Short Blades
  3022 | D        | Found Qacebryrig's Antique Weapon Boutique.
  3023 | D        | Killed an orc sorcerer
  3038 | D        | Found Ylelach's Book Shop.
  3051 | D        | Noticed an orc sorcerer
  3055 | D        | Noticed an orc sorcerer
  3059 | D        | Banished an orc sorcerer
  3073 | D        | Killed an orc sorcerer
  3098 | D        | Bought a scroll of enchant armour for 97 gold pieces
  3098 | D        | Bought a scroll of summoning for 123 gold pieces
  3142 | D        | Noticed Erica
  3144 | D        | Noticed Urug
  3155 | D        | Killed Erica
  3165 | D        | Killed Urug
  3198 | D        | Noticed Sonja
  3203 | D        | Killed Sonja
  3316 | D        | Noticed a deep elf pyromancer
  3316 | D        | Noticed a centaur warrior
  3316 | D        | Noticed a centaur warrior
  3316 | D        | Noticed a four-headed hydra
  3322 | D        | Killed a four-headed hydra
  3324 | D        | Killed a deep elf pyromancer
  3326 | D        | Noticed a centaur warrior
  3329 | D        | Killed a centaur warrior
  3330 | D        | Noticed an ice dragon
  3335 | D        | Noticed a tengu warrior
  3339 | D        | Noticed a wizard
  3340 | D        | Killed a centaur warrior
  3342 | D        | Reached XP level 12. HP: 126/134 MP: 11/11
  3342 | D        | Noticed a sphinx
  3356 | D        | Killed an ice dragon
  3360 | D        | Killed a sphinx
  3361 | D        | Noticed a stone giant
  3364 | D        | Noticed a tengu warrior
  3374 | D        | Killed a vampire mage
  3670 | D        | Noticed Nergalle
  3718 | D        | Noticed Psyche
  3733 | D        | Killed Psyche
  3777 | D        | Noticed a broodmother
  3793 | D        | Noticed a radroach
  3801 | D        | Noticed a broodmother
  3831 | D        | Killed a radroach
  3833 | D        | Killed a broodmother
  3853 | D        | Killed a broodmother
  3862 | D        | Noticed a radroach
  3922 | D        | Killed Nergalle
  3960 | D        | Killed a radroach
  4049 | D        | Bought an iridescent great sword for 379 gold pieces
  4049 | D        | Identified the +5 great sword of Subterfuge {pain, rN+
                  | Str+3} (You bought it in a shop in the Dungeon)
  4049 | D        | Bought a fading flail for 280 gold pieces
  4049 | D        | Identified the +10 flail of Lies {vorpal, Will+ Str+6} (You
                  | bought it in a shop in the Dungeon)
  4049 | D        | Bought a glowing rapier for 231 gold pieces
  4054 | D        | Lost mutation: You are weak. (Str -2) [potion of mutation]
  4054 | D        | Lost mutation: Potions are less effective at restoring your
                  | health. [potion of mutation]
  4054 | D        | Gained mutation: You are robust. (+10% HP) [potion of
                  | mutation]
  4054 | D        | Gained mutation: You possess an exceptional clarity of
                  | mind. [potion of mutation]
  4054 | D        | Gained mutation: You have a pair of large horns on your
                  | head. [potion of mutation]
  4282 | D        | Noticed an anaconda
  4282 | D        | Noticed a nagaraja
  4285 | D        | Noticed a nagaraja
  4286 | D        | Killed an anaconda
  4391 | D        | Noticed an alligator
  4391 | D        | Noticed a six-headed hydra
  4391 | D        | Noticed an eleionoma
  4392 | D        | Noticed an eleionoma
  4395 | D        | Killed a six-headed hydra
  4402 | D        | Killed an alligator
  4403 | D        | Noticed an eleionoma
  4488 | D        | Noticed Azrael
  4661 | D        | Killed Azrael
  4670 | D        | Killed an eleionoma
  4784 | D        | Noticed a vampire knight
  4784 | D        | Noticed a lich
  4784 | D        | Noticed a deep troll earth mage
  4784 | D        | Noticed an ice dragon
  4784 | D        | Noticed an ettin
  4785 | D        | Noticed a stone giant
  4786 | D        | Noticed a rakshasa
  4792 | D        | Killed a rakshasa
  4792 | D        | Killed an ice dragon
  4793 | D        | Noticed a storm dragon
  4794 | D        | Noticed a tentacled monstrosity
  4795 | D        | Killed a stone giant
  4795 | D        | Noticed an ice dragon
  4796 | D        | Noticed a white very ugly thing
  4797 | D        | Killed a vampire knight
  4798 | D        | Reached skill level 10 in Shields
  4798 | D        | Noticed a tengu warrior
  4798 | D        | Killed a storm dragon
  4799 | D        | Reached XP level 13. HP: 107/162 MP: 12/12
  4799 | D        | Noticed a stone giant
  4800 | D        | Noticed a frost giant
  4803 | D        | Killed a white very ugly thing
  4949 | D        | Noticed an ironbound preserver
  4949 | D        | Noticed an ironbound preserver
  4952 | D        | Noticed an ironbound preserver
  4959 | D        | Noticed a vault warden
  4961 | D        | Killed a vault warden
  4962 | D        | Noticed an entropy weaver
  4963 | D        | Noticed a vault warden
  4967 | D        | Killed an ironbound preserver
  4967 | D        | Noticed a dire elephant
  4968 | D        | Killed an ironbound preserver
  4968 | D        | Noticed an ironbound preserver
  4983 | D        | Killed an ironbound preserver
  4986 | D        | Killed an entropy weaver
  4990 | D        | Noticed an entropy weaver
  4992 | D        | Killed a dire elephant
  4993 | D        | Killed a frost giant
  4998 | D        | Banished an ironbound preserver
  4999 | D        | Noticed a purple very ugly thing
  5001 | D        | Noticed an Orb Guardian
  5001 | D        | Noticed a merfolk impaler
  5069 | D        | Killed an Orb Guardian
  5076 | D        | Killed a merfolk impaler
  5084 | D        | Killed an entropy weaver
  5119 | D        | Killed a purple very ugly thing
  5628 | D        | Noticed an emperor scorpion
  5644 | D        | Killed an emperor scorpion
  5674 | D        | Noticed Donald
  5731 | D        | Noticed a nagaraja
  5731 | D        | Noticed a nagaraja
  5732 | D        | Noticed a nagaraja
  5733 | D        | Noticed a nagaraja
  5735 | D        | Noticed a nagaraja
  5736 | D        | Killed a nagaraja
  5738 | D        | Noticed a nagaraja
  5739 | D        | Noticed a nagaraja
  5741 | D        | Got a serpentine rune of Zot
  5752 | D        | Noticed a merfolk javelineer
  5752 | D        | Noticed a merfolk javelineer
  5752 | D        | Noticed a merfolk impaler
  5752 | D        | Noticed a merfolk impaler
  5753 | D        | Noticed Ilsuiw
  5754 | D        | Noticed a merfolk impaler
  5755 | D        | Noticed a merfolk javelineer
  5757 | D        | Noticed a merfolk javelineer
  5757 | D        | Killed a merfolk javelineer
  5758 | D        | Noticed a merfolk impaler
  5758 | D        | Killed a merfolk javelineer
  5758 | D        | Killed a merfolk impaler
  5759 | D        | Killed a merfolk impaler
  5761 | D        | Got a barnacled rune of Zot
  5768 | D        | Killed a merfolk javelineer
  5772 | D        | Noticed an emperor scorpion
  5772 | D        | Noticed an emperor scorpion
  5778 | D        | Banished an emperor scorpion
  5786 | D        | Banished a ghost moth
  5797 | D        | Banished a ghost moth
  5812 | D        | Banished an emperor scorpion
  5817 | D        | Got a gossamer rune of Zot
  5846 | D        | Reached XP level 14. HP: 133/179 MP: 5/13
  5849 | D        | Your ally Ilsuiw died
  5982 | D        | Your ally Donald died
  5985 | D        | Killed a nagaraja
  6058 | D        | Noticed a stone giant
  6060 | D        | Noticed a stone giant
  6061 | D        | Noticed a vault warden
  6061 | D        | Killed a stone giant
  6065 | D        | Noticed a fire giant
  6066 | D        | Noticed an iron dragon
  6067 | D        | Noticed a shadow dragon
  6069 | D        | Noticed a shadow dragon
  6071 | D        | Noticed a vault warden
  6072 | D        | Banished an iron dragon
  6076 | D        | Banished a shadow dragon
  6077 | D        | Killed a fire giant
  6080 | D        | Banished a shadow dragon
  6082 | D        | Killed a stone giant
  6120 | D        | Got the Incunable of Metamorphic Snow
  6214 | D        | Noticed a shadow dragon
  6214 | D        | Noticed a stone giant
  6214 | D        | Noticed a stone giant
  6214 | D        | Noticed a tentacled monstrosity
  6214 | D        | Noticed a shadow dragon
  6214 | D        | Noticed a tengu reaver
  6215 | D        | Noticed a tentacled monstrosity
  6215 | D        | Killed a tengu reaver
  6216 | D        | Noticed a shadow dragon
  6221 | D        | Killed a shadow dragon
  6222 | D        | Noticed a golden dragon
  6227 | D        | Killed a shadow dragon
  6227 | D        | Killed a tentacled monstrosity
  6227 | D        | Killed a stone giant
  6235 | D        | Killed a golden dragon
  6240 | D        | Killed a shadow dragon
  6248 | D        | Got a silver rune of Zot
  6250 | D        | Got the Book of Algid Sinister Rituals
  6320 | D        | Noticed Nikola
  6358 | D        | Got the ring "Yghoum" {Drain Will+ Int+7}
  6360 | D        | Got the amulet of the Barracuda {Faith Int+6}
  6362 | D        | Got the ring "Dohe" {rPois rF+ Int+3}
  6364 | D        | Got the ring "Fogolok" {Wiz rPois Will+ Dex+2}
  6366 | D        | Got the ring of Pesehimou {rC+ Str+2}
  6503 | D        | Noticed Xtahua
  6504 | D        | Noticed Louise
  6513 | D        | Noticed Frances
  6514 | D        | Noticed Mennas
  6532 | D        | Noticed Margery
  6535 | D        | Killed Xtahua
  6540 | D        | Killed Margery
  6567 | D        | Banished Mennas
  6607 | D        | Noticed a tentacled monstrosity
  6607 | D        | Noticed a tentacled monstrosity
  6607 | D        | Noticed an iron dragon
  6607 | D        | Noticed a purple very ugly thing
  6608 | D        | Noticed a red very ugly thing
  6617 | D        | Killed a purple very ugly thing
  6632 | D        | Killed an iron dragon
  6634 | D        | Banished a tentacled monstrosity
  6635 | D        | Reached skill level 27 in Fighting
  6643 | D        | Noticed a stone giant
  6651 | D        | Killed a red very ugly thing
  6661 | D        | Killed a tentacled monstrosity
  6664 | D        | Killed a fire giant
  6900 | D        | Noticed a golden dragon
  6900 | D        | Noticed a storm dragon
  6902 | D        | Noticed a storm dragon
  6911 | D        | Killed a storm dragon
  6919 | D        | Killed a golden dragon
  6920 | D        | Reached skill level 15 in Shields
  6924 | D        | Killed a stone giant
  6938 | D        | Killed a storm dragon
  6961 | D        | Noticed a green draconian monk
  6961 | D        | Noticed a death cob
  6961 | D        | Noticed a quicksilver dragon
  6961 | D        | Noticed a purple draconian shifter
  6963 | D        | Killed a quicksilver dragon
  6971 | D        | Noticed a shadow dragon
  6971 | D        | Noticed a death cob
  6971 | D        | Noticed a purple draconian shifter
  6971 | D        | Noticed a purple draconian shifter
  6971 | D        | Noticed a black draconian knight
  6972 | D        | Noticed a shadow dragon
  6973 | D        | Noticed a tentacled monstrosity
  6979 | D        | Killed a shadow dragon
  6983 | D        | Killed a shadow dragon
  7183 | D        | Noticed a green draconian monk
  7183 | D        | Noticed a death cob
  7183 | D        | Noticed a black draconian knight
  7183 | D        | Noticed a red draconian scorcher
  7183 | D        | Noticed a death cob
  7184 | D        | Noticed a white draconian stormcaller
  7185 | D        | Noticed a golden dragon
  7185 | D        | Killed a death cob
  7186 | D        | Noticed a yellow draconian annihilator
  7186 | D        | Killed a white draconian stormcaller
  7191 | D        | Killed a golden dragon
  7196 | D        | Noticed a storm dragon
  7196 | D        | Noticed a purple draconian shifter
  7196 | D        | Noticed a Killer Klown
  7196 | D        | Noticed a storm dragon
  7196 | D        | Killed a yellow draconian annihilator
  7203 | D        | Killed a white draconian stormcaller
  7205 | D        | Killed a Killer Klown
  7206 | D        | Killed a yellow draconian annihilator
  7209 | D        | Killed a storm dragon
  7210 | D        | Reached skill level 27 in Armour
  7212 | D        | Killed a storm dragon
  7547 | D        | Noticed an Orb Guardian
  7547 | D        | Noticed an Orb Guardian
  7547 | D        | Noticed an Orb Guardian
  7547 | D        | Noticed an Orb Guardian
  7547 | D        | Noticed an Orb Guardian
  7547 | D        | Noticed an Orb Guardian
  7550 | D        | Banished an Orb Guardian
  7552 | D        | Killed an Orb Guardian
  7556 | D        | Killed an Orb Guardian
  7557 | D        | Noticed an Orb Guardian
  7557 | D        | Noticed an Orb Guardian
  7557 | D        | Noticed an Orb Guardian
  7565 | D        | Killed an Orb Guardian
  7566 | D        | Reached XP level 15. HP: 156/191 MP: 14/14
  7575 | D        | Killed an Orb Guardian
  7581 | D        | Banished an Orb Guardian
  7582 | D        | Reached skill level 27 in Short Blades
  7587 | D        | Killed an Orb Guardian
  7596 | D        | Killed an Orb Guardian
  7619 | D        | Noticed a tentacled monstrosity
  7619 | D        | Noticed an Orb Guardian
  7619 | D        | Noticed an Orb Guardian
  7619 | D        | Noticed a storm dragon
  7620 | D        | Noticed an Orb Guardian
  7622 | D        | Killed an Orb Guardian
  7623 | D        | Banished a storm dragon
  7630 | D        | Killed an Orb Guardian
  7642 | D        | Noticed an ancient lich
  7643 | D        | Noticed an orb of fire
  7647 | D        | Noticed an electric golem
  7651 | D        | Banished an electric golem
  7654 | D        | Noticed an Orb Guardian
  7654 | D        | Noticed an electric golem
  7654 | D        | Noticed a green draconian monk
  7654 | D        | Noticed a Killer Klown
  7654 | D        | Noticed a Killer Klown
  7654 | D        | Noticed an orb of fire
  7655 | D        | Noticed an Orb Guardian
  7656 | D        | Killed an Orb Guardian
  7656 | D        | Killed an Orb Guardian
  7657 | D        | Noticed an orb of fire
  7657 | D        | Killed a green draconian monk
  7657 | D        | Noticed a tentacled monstrosity
  7659 | D        | Killed a Killer Klown
  7660 | D        | Noticed a shadow dragon
  7660 | D        | Killed an Orb Guardian
  7663 | D        | Banished an electric golem
  7663 | D        | Killed an ancient lich
  7665 | D        | Noticed an ancient lich
  7665 | D        | Killed a shadow dragon
  7666 | D        | Noticed a storm dragon
  7666 | D        | Killed a tentacled monstrosity
  7667 | D        | Noticed a storm dragon
  7667 | D        | HP: 4/191 [storm dragon/bolt of lightning (32)]
  7667 | D        | Killed from afar by a storm dragon

Illustrated notes

Levels and vault maps discovered:
D:        linesprint [early_d, line_temple, items_1, d_10, items_2, lair_1,
          lair_end, items_3, orc_1, orc_end, items_4, d_15, swamp_1, shoals_1,
          snake_1, spider_1, d_20, vaults_1, items_5, swamp_end, shoals_end,
          snake_end, spider_end, vaults_end, d_27, items_6, zot_1, zot_end,
          crypt_end, forest_end, elf_end, slime_end, tomb_end, abyss_end,
          pan_hell_end]

Skill      XL: |  1  2  3  4  5  6  7  8  9 10 11 12 13 14 15 |
---------------+----------------------------------------------+-----
Fighting       | 6 7 11 13 15 17 18 19 20 23 25 27 | 27.0
Armour         | 6 7 10 11 13 15 17 18 20 21 22 24 27 | 27.0
Shields        | 4 5 6 7 10 11 17 23 | 23.4
Short Blades   | 6 12 17 20 23 26 27 | 27.0
Staves         | 4 8 |  8.4
Maces & Flails | |  2.8

Action                   |  1- 3 |  4- 6 |  7- 9 | 10-12 | 13-15 || total
-------------------------+-------+-------+-------+-------+-------++-------
Melee: Flail             |    20 |     4 |       |       |       ||    24
       Headbutt          |     3 |     2 |    11 |    81 |    91 ||   188
       Rapier            |       |    11 |    41 |   416 |   294 ||   762
       Quarterstaff      |       |       |    22 |       |       ||    22
       Punch             |       |       |     1 |       |       ||     1
       Unarmed           |       |       |       |     2 |       ||     2
Throw: Dart              |       |       |       |     3 |       ||     3
Invok: Call Merchant     |       |       |       |     2 |       ||     2
       Bribe Branch      |       |       |       |     1 |     5 ||     6
       Potion Petition   |       |       |       |     1 |     1 ||     2
Evoke: Wand              |       |     5 |     4 |       |       ||     9
  Use: Scroll            |       |     1 |     1 |    12 |    10 ||    24
       Potion            |       |       |     6 |     6 |       ||    12
 Stab: Distracted        |       |       |       |     4 |    11 ||    15
       Invisible         |       |       |       |       |     4 ||     4
Armor: Scale mail        |    10 |     1 |       |       |       ||    11
       Plate armour      |       |    13 |    43 |   162 |     9 ||   227
       Skin              |       |       |       |    18 |       ||    18
       Gold dragon scale |       |       |       |       |   198 ||   198
Dodge: Dodged            |     9 |     9 |    23 |   102 |    66 ||   209
Block: Buckler           |     3 |     5 |    10 |    40 |    23 ||    81
       Tower shield      |       |       |       |       |   111 ||   111

Table legend: (Time is in decaauts)
 A = Elapsed time spent in this place.
 B = Non-inter-level travel time spent in this place.
 C = Inter-level travel time spent in this place.
 D = Time resting spent in this place.
 E = Time spent auto-exploring this place.
 F = Levels seen in this place.
 G = Mean time per level.
                   A        B        C        D        E       F      G
               +--------+--------+--------+--------+--------+-----+--------+
         Total |   7399 |   7396 |      3 |   3225 |     17 |   1 | 7399.0 |
       Dungeon |   7399 |   7396 |      3 |   3225 |     17 |   1 | 7399.0 |
               +--------+--------+--------+--------+--------+-----+--------+

Top non-repeatable levels by time:
       D: 7399 daAuts
